 Dungeon Crawl Stone Soup version 0.29-a0-375-g5102b3be25 (webtiles) character file.

Game seed: 3410981068293985236

1788 Antichthon the Cudgeller (level 9, -9/55 HPs)
             Began as a Gargoyle Fighter on May 3, 2022.
             Was a Believer of Zin.
             Killed from afar by a steam dragon (19 damage)
             ... with a ball of steam
             ... on level 5 of the Dungeon.
             The game lasted 00:11:54 (6918 turns).

Antichthon the Cudgeller (Gargoyle Fighter)         Turns: 6918, Time: 00:11:55

Health: -9/55      AC: 23    Str: 22    XL:     9   Next: 8%
Magic:  11/11      EV:  8    Int: 11    God:    Zin [**....]
Gold:   227        SH:  4    Dex:  9    Spells: 8/8 levels left

rFire   . . .      SeeInvis .   a - +0 flail
rCold   . . .      Faith    .   c - +0 buckler
rNeg    + . .      Spirit   .   w - +0 chain mail
rPois   ∞          Reflect  .   m - +0 helmet
rElec   +          Harm     .   u - +0 cloak
rCorr   .          Rampage  .   g - +2 pair of gloves
Will    .....                   r - +0 pair of boots
Stlth   ..........              (no amulet)
HPRegen 0.18/turn               (no ring)
MPRegen 0.12/turn               (no ring)

@: no status effects
A: sickness immunity, AC +6, negative energy resistance 1, electricity
resistance, torment resistance 1, petrification resistance
a: Renounce Religion, Recite, Vitalisation, Donate Gold


You were on level 5 of the Dungeon.
You worshipped Zin.
Zin was pleased with you.
You visited 2 branches of the dungeon, and saw 7 of its levels.

You collected 252 gold pieces.
You donated 25 gold pieces to Zin.

Inventory:

Hand Weapons
 a - a +0 flail (weapon)
Missiles
 x - 2 silver javelins (quivered)
Armour
 c - a +0 buckler (worn)
 g - a +2 pair of gloves (worn)
 m - a +0 helmet (worn)
 r - a +0 pair of boots (worn)
 u - a +0 cloak (worn)
 w - a +0 chain mail (worn)
Wands
 f - a wand of iceblast (18)
 n - a wand of paralysis (2)
 v - a wand of digging (3)
Scrolls
 q - a scroll of brand weapon
 t - a scroll of fog
Potions
 b - a potion of berserk rage {unknown}
 d - 4 potions of might
 e - 3 potions of curing
 h - 2 potions of haste {unknown}
 i - a potion of lignification {unknown}
 k - a potion of ambrosia {unknown}
 l - a potion of flight {unknown}
 o - 2 potions of brilliance {unknown}
 p - a potion of mutation {unknown}


   Skills:
 * Level 5.8 Fighting
 * Level 7.0 Maces & Flails
 * Level 6.2 Armour
 * Level 2.9 Dodging
 * Level 5.3 Shields
 * Level 3.7 Invocations


You had 8 spell levels left.
You didn't know any spells.
Your spell library contained the following spells:

 Spells                   Type           Power      Damage    Failure   Level
 Foxfire                  Conj/Fire      0%         2x1d4     98%         1
 Freeze                   Ice            0%         1d3       98%         1
 Corpse Rot               Necr/Air       0%         N/A       99%         2
 Conjure Flame            Conj/Fire      0%         6-21      100%        3
 Frozen Ramparts          Ice            0%         1d2       100%        3
 Inner Flame              Hex/Fire       0%         N/A       100%        3
 Dispel Undead            Necr           0%         3d6       100%        4
 Flame Wave               Conj/Fire      0%         2d4       100%        4
 Hailstorm                Conj/Ice       0%         3d3       100%        4
 Death Channel            Necr           0%         N/A       100%        6


Dungeon Overview and Level Annotations

Branches:
Dungeon (6/15)             Temple (1/1) D:4

Altars:
Ashenzari
Dithmenos
Elyvilon
Fedhas
Gozag
Kikubaaqudgha
Makhleb
Nemelex Xobeh
Okawaru
Qazlal
Ru
Sif Muna
Trog
Uskayaw
Vehumet
Wu Jian
Yredelemnul
Zin

Shops:
D:1 :


Innate Abilities, Weirdness & Mutations

You are immune to sickness and miasma.
Your stone body is resilient. (AC +6)
You are immune to poison.
You resist negative energy. (rN+)
You are resistant to electric shocks. (rElec)
You are resistant to unholy torment.
You are immune to petrification.


Message History

The gnoll sergeant barely misses you. x2; The steam dragon closely misses you.
The steam dragon barely misses you.
There is a stone staircase leading up here.
Unknown command.
The gnoll sergeant hits you from afar with a +2 spear of venom.
* * * LOW HITPOINT WARNING * * *
The steam dragon misses you. You block the steam dragon's attack.
You climb upwards.
There is a stone staircase leading down, spattered with blood here.
You see here a black bear corpse.
You feel better.
The steam dragon bites you but does no damage.
The steam dragon barely misses you.
Unknown command.
You barely miss the steam dragon.
The steam dragon bites you but does no damage.
You block the steam dragon's attack.
Unknown command.
The steam dragon bites you but does no damage.
The steam dragon claws you but does no damage.
Unknown command.
You sock the steam dragon!
The steam dragon is heavily wounded.
The steam dragon bites you but does no damage.
The steam dragon claws you but does no damage.
Unknown command.
You barely miss the steam dragon.
The steam dragon is heavily wounded.
The steam dragon breathes steam at you. The ball of steam misses you.
Unknown command.
You thump the steam dragon!
The steam dragon is almost dead.
You are engulfed in a cloud of scalding steam.
The steam dragon bites you!
* * * LOW HITPOINT WARNING * * *
The steam dragon claws you but does no damage.
The steam dragon breathes steam at you. The ball of steam hits you!!
You die...

##.##.#..#
#..........##...
#........#
#.....#.####.(.#
#.###.#.##
#<†...#.####..##
#.##..#.##########.....<.#
#.##.......# ######.##
#.##..#.##.##### #.###
#..............# ###....
##.###.#.#.########
#.....# #.#
#...#@#####≈≈#####..(#
#.###..>D....#≈.#.##......
#..)..####...#.⌠.(##......
####### #...'≈....#......
#...'≈#..####....
##..#≈....# #....
#..#..≈### ##... ####≈##.#
##.. ### ## #.#


You could see a steam dragon (catching breath).

Vanquished Creatures
  A water moccasin (D:5)
  A black bear (D:5)
  An ogre (D:4)
  3 phantoms (D:5)
  3 scorpions
  A water moccasin zombie (D:5)
  The ghost of jujuben the Covert, a weakling GnDe (D:5)
  A water moccasin skeleton (D:5)
  5 killer bees (D:5)
  2 bullfrog zombies (D:5)
  A hound (D:3)
  4 jellies
  5 centaur zombies (D:5)
  A centaur skeleton (D:5)
  An orc priest (D:3)
  An iguana (D:5)
  Ijyb (D:3)
  3 scorpion zombies (D:5)
  An orc wizard (D:3)
  A killer bee zombie (D:5)
  A hound zombie (D:5)
  A hound skeleton (D:5)
  2 adders (D:5)
  2 gnolls (D:5)
  An ufetubus (D:5)
  A worm (D:3)
  3 dart slugs
  6 orcs
  3 endoplasms
  4 giant cockroaches
  9 goblins
  A hobgoblin (D:4)
  3 quokkas
  10 ball pythons
  2 bats
  2 frilled lizards
  8 kobolds
  8 rats
105 creatures vanquished.

Vanquished Creatures (others)
  A gnoll (D:6)
  4 plants (D:4)
5 creatures vanquished.

Grand Total: 110 creatures vanquished

Notes
Turn   | Place    | Note
-------+----------+-------------------------------------------
     0 | D:1      | Antichthon the Gargoyle Fighter began the quest for the
                  | Orb.
     0 | D:1      | Reached XP level 1. HP: 14/14 MP: 1/1
   302 | D:1      | Reached XP level 2. HP: 15/19 MP: 2/2
   529 | D:1      | Found a faded altar of an unknown god.
   593 | D:1      | Found Xiossil's Book Boutique.
   956 | D:1      | Reached XP level 3. HP: 21/24 MP: 3/3
  2182 | D:3      | Noticed Ijyb
  2186 | D:3      | Paralysed by Ijyb for 2 turns
  2189 | D:3      | Paralysed by Ijyb for 3 turns
  2198 | D:3      | Paralysed by Ijyb for 7 turns
  2205 | D:3      | Killed Ijyb
  2206 | D:3      | Reached XP level 4. HP: 29/29 MP: 4/4
  2474 | D:3      | Found an ancient bone altar of Kikubaaqudgha.
  2482 | D:3      | Reached skill level 3 in Maces & Flails
  2482 | D:3      | Reached skill level 1 in Dodging
  2482 | D:3      | Reached skill level 1 in Invocations
  2488 | D:3      | Found an iron altar of Okawaru.
  2491 | D:3      | Found an opulent altar of Gozag.
  2494 | D:3      | Found an ornate altar of the Wu Jian Council.
  2545 | D:3      | Reached XP level 5. HP: 29/33 MP: 5/5
  3407 | D:4      | Reached skill level 4 in Maces & Flails
  3407 | D:4      | Reached XP level 6. HP: 38/38 MP: 7/7
  3808 | D:4      | Found a staircase to the Ecumenical Temple.
  3817 | Temple   | Entered the Ecumenical Temple
  4040 | Temple   | Became a worshipper of Zin the Law-Giver
  4040 | Temple   | Reached * piety under Zin
  4639 | D:5      | Entered Level 5 of the Dungeon
  4665 | D:5      | Reached XP level 7. HP: 31/44 MP: 8/8
  4811 | D:5      | Reached skill level 5 in Maces & Flails
  4975 | D:5      | Reached XP level 8. HP: 48/48 MP: 8/10
  5003 | D:5      | Reached ** piety under Zin
  5009 | D:5      | Reached skill level 5 in Fighting
  5009 | D:5      | Reached skill level 5 in Armour
  5095 | D:5      | Reached skill level 6 in Maces & Flails
  5192 | D:5      | Found a large runed translucent door.
  5194 | D:5      | Found a large runed translucent door.
  5196 | D:5      | Noticed jujuben's ghost (weakling GnDe)
  6087 | D:5      | Killed jujuben's ghost
  6254 | D:6      | Found a basalt altar of Yredelemnul.
  6329 | D:5      | Reached skill level 5 in Shields
  6743 | D:5      | Reached XP level 9. HP: 52/55 MP: 11/11
  6819 | D:5      | Reached skill level 7 in Maces & Flails
  6903 | D:6      | Found a burning altar of Makhleb.
  6904 | D:6      | Found a bloodstained altar of Trog.
  6918 | D:5      | Killed from afar by a steam dragon

Illustrated notes

Levels and vault maps discovered:
D:1:      nzn_arrival_water_spiral, layout_loops_ring, serial_shops, shop,
          shapermc_ecumenical_altar_mp_highgroup
D:2:      layout_loops_ring, minmay_cut_off
D:3:      layout_basic, grunt_temple_overflow_cloverleaf, uniq_ijyb
D:4:      layout_basic, minmay_temple_entry_junction, serial_bayou_lagoon_a
D:5:      layout_loops_cross, ebering_ghost_disaster_area, serial_undead,
          serial_undead_a, serial_undead_d, serial_undead_e, serial_undead_a
D:6:      layout_rooms, grunt_temple_overflow_open,
          chequers_temple_overflow_statue_of_worship,
          ebering_ghost_reflecting_pool, serial_shops, shop,
          minmay_misc_feat_secret_circle
Temple:   grunt_temple_mini_profane

Skill      XL: |  1  2  3  4  5  6  7  8  9 |
---------------+----------------------------+-----
Maces & Flails | 3 4 5 6 7 |  7.0
Dodging        | 1 2 |  2.9
Invocations    | 1 2 3 |  3.7
Fighting       | 4 5 |  5.8
Armour         | 4 5 6 |  6.2
Shields        | 4 5 |  5.3

Action                   |  1- 3 |  4- 6 |  7- 9 || total
-------------------------+-------+-------+-------++-------
Melee: Flail             |   135 |   156 |   323 ||   614
  Use: Scroll            |     3 |     5 |     4 ||    12
       Potion            |       |       |     5 ||     5
Armor: Scale mail        |   111 |   107 |    72 ||   290
       Chain mail        |       |       |   279 ||   279
Dodge: Dodged            |    91 |    64 |   184 ||   339
Block: Buckler           |    33 |    35 |   101 ||   169

Table legend: (Time is in decaauts)
 A = Elapsed time spent in this place.
 B = Non-inter-level travel time spent in this place.
 C = Inter-level travel time spent in this place.
 D = Time resting spent in this place.
 E = Time spent auto-exploring this place.
 F = Levels seen in this place.
 G = Mean time per level.
                   A        B        C        D        E       F      G
               +--------+--------+--------+--------+--------+-----+--------+
         Total |   7059 |   6747 |    312 |    491 |   4773 |   7 | 1008.4 |
       Dungeon |   6786 |   6532 |    254 |    491 |   4591 |   6 | 1131.0 |
        Temple |    272 |    214 |     58 |      0 |    182 |   1 |  272.0 |
               +--------+--------+--------+--------+--------+-----+--------+

Top non-repeatable levels by time:
     D:5: 2192 daAuts
     D:4: 1337 daAuts
     D:1: 1291 daAuts
     D:3: 1132 daAuts
     D:2: 779 daAuts
  Temple: 272 daAuts
     D:6: 52 daAuts
